 Dungeon Crawl Stone Soup version 0.31-a0-187-gba352fbbf7 (webtiles) character file.

Game seed: 6840810456371982649

82 qw the Shooter (level 4, -4/22 (25) HPs)
             Began as a Deep Elf Hunter on June 22, 2023.
             Slain by a hobgoblin (6 damage)
             ... led by Robin
             ... on level 2 of the Dungeon.
             The game lasted 00:00:27 (891 turns).

qw the Shooter (Deep Elf Hunter)                     Turns: 891, Time: 00:00:27

HP:   -4/22 (25)    AC:  3    Str: 10    XL:     4   Next: 21%
MP:   6/6           EV: 12    Int: 14    God:
Gold: 71            SH:  0    Dex: 18    Spells: 3/3 levels left

rFire   . . .        Y - +1 orcbow
rCold   . . .        (shield currently unavailable)
rNeg    . . .        c - +0 leather armour
rPois   .            (no helmet)
rElec   .            (no cloak)
rCorr   .            (no gloves)
SInv    .            (no boots)
Will    .....        (no amulet)
Stlth   ++           (no ring)
HPRegen 0.23/turn    (no ring)
MPRegen 0.10/turn

%: no passive effects
@: heavily drained
A: no striking features
a: no special abilities


You were on level 2 of the Dungeon.
You visited 1 branch of the dungeon, and saw 2 of its levels.

You collected 71 gold pieces.


   Skills:
 - Level 1.5 Fighting
 + Level 7.6 Ranged Weapons
 - Level 2.4 Dodging
 - Level 1.2 Stealth


You had 3 spell levels left.
You didn't know any spells.
Your spell library was empty.

Inventory:

Hand Weapons
 Y - a +1 orcbow (weapon)
Armour
 c - a +0 leather armour (worn)
Scrolls
 d - a scroll of teleportation
Potions
 a - a potion of invisibility {unknown}
 b - a potion of haste {unknown}
 e - a potion of enlightenment {unknown}
 f - a potion of curing {unknown}
 h - a potion of attraction {unknown}
 i - a potion of heal wounds

Dungeon Overview and Level Annotations

Branches:
Dungeon (2/15)

Altars:


Message History

The goblin shouts! x2
The arrow hits the goblin.
The goblin is heavily wounded.
You hear a shout!
The goblin hits you but does no damage.
A hobgoblin comes into view.
You shoot an arrow. The arrow hits the goblin!
You kill the goblin!
A hobgoblin comes into view.
Robin closely misses you.
You shoot an arrow. The arrow closely misses Robin.
The goblin unwields a +0 club.
The goblin wields a +0 sling.
The goblin shoots a sling bullet.
The sling bullet hits you.
A goblin comes into view. It is wielding a +0 club. x2
Robin closely misses you.
You shoot an arrow. The goblin shouts!
The arrow hits Robin!
You kill Robin!
The goblin shoots a sling bullet.
The sling bullet hits you but does no damage.
You shoot an arrow. The arrow closely misses the goblin.
The arrow hits the hobgoblin but does no damage.
You shoot an arrow. The arrow closely misses the goblin.
The arrow closely misses the hobgoblin.
The arrow hits the goblin.
You kill the goblin!
The goblin hits you but does no damage.
You feel drained.
You shoot an arrow. The arrow closely misses the hobgoblin.
The hobgoblin closely misses you.
You shoot an arrow. The arrow closely misses the hobgoblin.
The goblin no longer looks unusually strong.
The hobgoblin hits you.
The goblin hits you with a +2 dagger of draining!
You feel drained.
The goblin unwields a +0 sling.
The goblin wields a +0 club.
The goblin misses you.
You shoot an arrow. The arrow hits the hobgoblin!
You kill the hobgoblin!
The goblin hits you with a +2 dagger of draining.
You feel drained. The hobgoblin hits you.
You die...

.........##.....#####.......
#.##....#####...............
# #....#####...######......
....#..#.....##...........
###..##...)................
##.......................
..#....)................
#..gg................
#..g@g...............
#...)).......%.......
#................####
##..............##
##.....##.....##
##############


You could see a hobgoblin (strong) and 3 goblins.

Vanquished Creatures
  Jessica (D:2)
  Robin (D:2)
  A dart slug (D:1)
  4 ball pythons
  3 endoplasms (D:1)
  3 giant cockroaches
  8 goblins
  3 hobgoblins
  3 jackals (D:1)
  A kobold (D:2)
  3 quokkas (D:1)
  3 bats (D:1)
  A frilled lizard (D:1)
  3 rats
38 creatures vanquished.

Notes
Turn   | Place    | Note
-------+----------+-------------------------------------------
     0 | D:1      | qw the Deep Elf Hunter began the quest for the Orb.
     0 | D:1      | Reached XP level 1. HP: 12/12 MP: 3/3
     0 | D:1      | 0 ||| qw: Version: 0.3-a-9-g12657ce
     0 | D:1      | 0 ||| qw: Game counter: 2187
     0 | D:1      | 0 ||| qw: Always use a shield: true
     0 | D:1      | 0 ||| qw: God list: Okawaru
     0 | D:1      | 0 ||| qw: Allow faded altars: false
     0 | D:1      | 0 ||| qw: Do Orc after D:15 true
     0 | D:1      | 0 ||| qw: Do second Lair branch before Depths: true
     0 | D:1      | 0 ||| qw: Lair rune preference: random
     0 | D:1      | 0 ||| qw: Plans: Normal
     0 | D:1      | 0 ||| PLANNING D:1-11
   184 | D:1      | Reached skill level 6 in Ranged Weapons
   184 | D:1      | Reached XP level 2. HP: 16/16 MP: 4/4
   196 | D:1      | 196 ||| SWAPPING to +0 orcbow.
   198 | D:1      | 198 ||| DROPPING +0 shortbow.
   407 | D:1      | Reached XP level 3. HP: 20/20 MP: 5/5
   635 | D:1      | 635 ||| READING scroll labelled SICIORAEXY.
   636 | D:1      | 636 ||| READING 2 scrolls labelled METHEEN FORRAHIH.
   640 | D:1      | 640 ||| DRINKING 2 pink potions.
   641 | D:1      | 641 ||| DROPPING scroll of butterflies.
   729 | D:2      | Noticed Jessica
   735 | D:2      | Killed Jessica
   736 | D:2      | Reached skill level 7 in Ranged Weapons
   818 | D:2      | 818 ||| FLEEEEING.
   819 | D:2      | 819 ||| FLEEEEING.
   820 | D:2      | 820 ||| FLEEEEING.
   821 | D:2      | 821 ||| FLEEEEING.
   822 | D:2      | 822 ||| FLEEEEING.
   823 | D:2      | 823 ||| FLEEEEING.
   825 | D:2      | 825 ||| FLEEEEING.
   826 | D:2      | 826 ||| FLEEEEING.
   827 | D:2      | 827 ||| FLEEEEING.
   829 | D:2      | 829 ||| FLEEEEING.
   830 | D:2      | 830 ||| FLEEEEING.
   831 | D:2      | 831 ||| FLEEEEING.
   832 | D:2      | 832 ||| FLEEEEING.
   833 | D:2      | 833 ||| FLEEEEING.
   834 | D:2      | 834 ||| FLEEEEING.
   835 | D:2      | 835 ||| FLEEEEING.
   836 | D:2      | 836 ||| FLEEEEING.
   837 | D:2      | 837 ||| STAIRDANCE
   845 | D:1      | 845 ||| READING scroll labelled BOIPTA TEIKAMI.
   849 | D:2      | Reached XP level 4. HP: 25/25 MP: 6/6
   876 | D:2      | Noticed Robin
   886 | D:2      | Killed Robin
   891 | D:2      | HP: 3/23 [goblin/+2 dagger of draining[Robin] (5)]
   891 | D:2      | Slain by a hobgoblin

Levels and vault maps discovered:
D:1:      beargit_arrival_diablo_church, layout_basic, serial_bayou_pond_b,
          nicolae_kite_square_tiling_tiny
D:2:      layout_rooms, serial_bayou_pond_e, minmay_tromino_v4_b, uniq_jessica,
          uniq_robin

Skill      XL: |  1  2  3 |
---------------+----------+-----
Ranged Weapons | 6 7 |  7.6
Fighting       | |  1.5
Dodging        | |  2.4
Stealth        | |  1.2

Action                     |  1- 3 |  4- 6 || total
---------------------------+-------+-------++-------
   Fire: Shortbow          |    23 |       ||    23
         Orcbow            |    45 |    15 ||    60
    Use: Scroll            |     3 |       ||     3
         Potion            |     1 |       ||     1
 Armour: Leather armour    |     4 |     3 ||     7
  Dodge: Dodged            |    14 |     6 ||    20

Table legend:
 A = Non-vault XP
 B = Vault XP
 C = Vault XP percentage of total XP
 D = Non-vault monster count
 E = Vault monster count
 F = Vault count percentage of total count
                 A         B        C        D         E       F
            +---------+---------+-------+---------+---------+-------
      Total |      49 |      71 |  59.2 |      26 |      12 |  31.6
            +---------+---------+-------+---------+---------+-------
        D:1 |      36 |       7 |  16.3 |      19 |       4 |  17.4
        D:2 |      13 |      64 |  83.1 |       7 |       8 |  53.3
            +---------+---------+-------+---------+---------+-------
